 Dungeon Crawl Stone Soup version bcrawl-1.22 (webtiles) character file.

Game seed: 5851946203515282219

263 brujo666 the Shield-Bearer (level 6, -10/53 HPs)
             Began as a Gnoll Fighter on May 21, 2020.
             Killed by divine providence
             ... invoked by an orc priest
              (14 damage)
             ... on level 3 of the Dungeon.
             The game lasted 00:08:02 (1602 turns).

brujo666 the Shield-Bearer (Gnoll Fighter)          Turns: 1602, Time: 00:08:03

Health: -10/53     AC: 10    Str: 25    XL:     6   Next: 19%
Magic:  8/8        EV:  9    Int: 15    God:
Gold:   150        SH: 13    Dex: 15    Spells: 8/8 levels left

rFire    . . .     SeeInvis .   a - +0 long sword
rCold    + . .     Gourm    .   c - +0 medium shield
rNeg     + . .     Faith    .   b - +0 scale mail
rPois    .         Spirit   .   (no helmet)
rElec    .         Reflect  .   (no cloak)
rCorr    .         Harm     .   p - +1 pair of gloves
MR       .....                  (no boots)
Stlth    +.........             (no amulet)
HPRegen  0.17/turn              n - ring of protection from cold
MPRegen  0.11/turn              q - ring of positive energy

@: mighty, brilliant
A: distributed training, claws 1, fangs 1, sense surroundings 1, strong nose
a: no special abilities


You were on level 3 of the Dungeon.
You were not hungry.

You visited 1 branch of the dungeon, and saw 3 of its levels.

You collected 150 gold pieces.

Inventory:

Hand Weapons
 a - a +0 long sword (weapon)
Missiles
 f - 52 curare-tipped needles
 h - 240 arrows
Armour
 b - a +0 scale mail (worn)
 c - a +0 medium shield (worn)
 p - a +1 pair of gloves (worn)
Jewellery
 n - a ring of protection from cold (left hand)
 q - a ring of positive energy (right hand)
Wands
 i - a wand of enslavement (8)
Scrolls
 g - 4 scrolls of identify
 l - a scroll of magic mapping
 m - a scroll of enchant weapon
 o - a scroll of remove curse
 t - a scroll of immolation
Comestibles
 e - 6 rations {!d}


   Skills:
 + Level 6.8 Fighting
 + Level 1.8 Short Blades
 + Level 4.9 Long Blades
 + Level 1.8 Axes
 + Level 1.8 Maces & Flails
 + Level 1.8 Polearms
 + Level 1.8 Staves
 + Level 1.8 Slings
 + Level 1.8 Bows
 + Level 1.8 Crossbows
 + Level 1.8 Throwing
 + Level 6.8 Armour
 + Level 1.8 Dodging
 + Level 1.8 Stealth
 + Level 6.8 Shields
 + Level 1.8 Unarmed Combat
 + Level 1.8 Spellcasting
 + Level 1.4 Conjurations
 + Level 1.4 Hexes
 + Level 1.4 Charms
 + Level 1.4 Summonings
 + Level 1.4 Necromancy
 + Level 1.4 Translocations
 + Level 1.4 Transmutations
 + Level 1.4 Fire Magic
 + Level 1.4 Ice Magic
 + Level 1.4 Air Magic
 + Level 1.4 Earth Magic
 + Level 1.4 Poison Magic
 + Level 2.0 Invocations
 + Level 1.8 Evocations


You had 8 spell levels left.
You didn't know any spells.
Your spell library was empty.

Dungeon Overview and Level Annotations

Branches:
Dungeon (3/12)

Altars:


Innate Abilities, Weirdness & Mutations

Your experience applies equally to all skills.
You have very sharp teeth.
Your uncanny sense of smell can sniff out nearby items.
You have sharp fingernails.
You passively map a small area around you.


Message History

The adder skeleton completely misses you.
You closely miss the orc priest.
The orc priest hits you but does no damage.
The adder skeleton barely misses you.
The orc priest hits you with a +2 dagger of speed.
* * * LOW HITPOINT WARNING * * *
You closely miss the orc priest. The adder bites you but does no damage.
You block the adder skeleton's attack.
The orc priest hits you but does no damage.
You hit the orc priest.
The orc priest is lightly wounded.
The adder barely misses you. You block the adder skeleton's attack.
The orc priest hits you but does no damage.
You block the adder's attack.
You slash the orc priest!
The orc priest is almost dead.
You block the adder skeleton's attack.
The orc priest invokes the aid of Beogh against you.
Beogh smites you!
You die...

∆ .... , , , ,, ,
.!# , ... ,, * ,
,,,,,..# *,
##..##... , #.# *
...#....#. * #.# *
*** .,........ #.#
..#......# #.####
* , >........,
#Z@..# #..#....#*
####oS###
S.....#§####§§§§##
#.o..§§§##§§§##§#
* #....§§So)§###
.# , #....§§§####
.# #....§§§§.# #.#
....))..#.# #.#
........#.### #.#
* *


You could see an orc priest, an adder and an adder skeleton.

Vanquished Creatures
  An adder (D:3)
  An iguana (D:3)
  An ooze (D:2)
  A worm (D:2)
  A dart slug (D:2)
  5 leopard geckos
  5 orcs
  6 bats
  A giant cockroach (D:1)
  5 goblins
  4 hobgoblins
  3 jackals (D:2)
  10 kobolds
  2 quokkas (D:1)
  A frilled lizard (D:2)
  5 rats
52 creatures vanquished.

Vanquished Creatures (collateral kills)
  Sigmund (D:3)
  An orc (D:3)
2 creatures vanquished.

Grand Total: 54 creatures vanquished

Notes
Turn   | Place    | Note
-------+----------+-------------------------------------------
     0 | D:1      | brujo666 the Gnoll Fighter began the quest for the Orb.
     0 | D:1      | Reached XP level 1. HP: 23/23 MP: 1/1
   134 | D:1      | Reached XP level 2. HP: 28/29 MP: 2/2
   694 | D:2      | Reached XP level 3. HP: 29/35 MP: 3/3
   919 | D:2      | Reached skill level 1 in Invocations
  1070 | D:2      | Reached skill level 1 in Short Blades
  1070 | D:2      | Reached skill level 1 in Axes
  1070 | D:2      | Reached skill level 1 in Maces & Flails
  1070 | D:2      | Reached skill level 1 in Polearms
  1070 | D:2      | Reached skill level 1 in Staves
  1070 | D:2      | Reached skill level 1 in Slings
  1070 | D:2      | Reached skill level 1 in Bows
  1070 | D:2      | Reached skill level 1 in Crossbows
  1070 | D:2      | Reached skill level 1 in Throwing
  1070 | D:2      | Reached skill level 1 in Dodging
  1070 | D:2      | Reached skill level 1 in Stealth
  1070 | D:2      | Reached skill level 1 in Unarmed Combat
  1070 | D:2      | Reached skill level 1 in Spellcasting
  1070 | D:2      | Reached skill level 1 in Evocations
  1219 | D:2      | Reached XP level 4. HP: 41/41 MP: 5/5
  1502 | D:3      | Noticed Sigmund
  1526 | D:3      | Killed Sigmund
  1526 | D:3      | Reached skill level 1 in Conjurations
  1526 | D:3      | Reached skill level 1 in Hexes
  1526 | D:3      | Reached skill level 1 in Charms
  1526 | D:3      | Reached skill level 1 in Summonings
  1526 | D:3      | Reached skill level 1 in Necromancy
  1526 | D:3      | Reached skill level 1 in Translocations
  1526 | D:3      | Reached skill level 1 in Transmutations
  1526 | D:3      | Reached skill level 1 in Fire Magic
  1526 | D:3      | Reached skill level 1 in Ice Magic
  1526 | D:3      | Reached skill level 1 in Air Magic
  1526 | D:3      | Reached skill level 1 in Earth Magic
  1526 | D:3      | Reached skill level 1 in Poison Magic
  1526 | D:3      | Reached XP level 5. HP: 33/47 MP: 5/7
  1526 | D:3      | Reached XP level 6. HP: 37/53 MP: 5/8
  1583 | D:3      | Gained mutation: You have sharp fingernails. [potion of
                  | mutation]
  1583 | D:3      | Gained mutation: You passively map a small area around you.
                  | [potion of mutation]
  1583 | D:3      | HP: 1/53 [orc priest/divine providence (10)]
  1602 | D:3      | Killed from afar by an orc priest

Skill      XL: |  1  2  3  4  5  6 |
---------------+-------------------+-----
Invocations    | 1 2 |  2.0
Short Blades   | 1 |  1.8
Axes           | 1 |  1.8
Maces & Flails | 1 |  1.8
Polearms       | 1 |  1.8
Staves         | 1 |  1.8
Slings         | 1 |  1.8
Bows           | 1 |  1.8
Crossbows      | 1 |  1.8
Throwing       | 1 |  1.8
Dodging        | 1 |  1.8
Stealth        | 1 |  1.8
Unarmed Combat | 1 |  1.8
Spellcasting   | 1 |  1.8
Evocations     | 1 |  1.8
Conjurations   | 1 |  1.4
Hexes          | 1 |  1.4
Charms         | 1 |  1.4
Summonings     | 1 |  1.4
Necromancy     | 1 |  1.4
Translocations | 1 |  1.4
Transmutations | 1 |  1.4
Fire Magic     | 1 |  1.4
Ice Magic      | 1 |  1.4
Air Magic      | 1 |  1.4
Earth Magic    | 1 |  1.4
Poison Magic   | 1 |  1.4
Fighting       | |  6.8
Long Blades    | |  4.9
Armour         | |  6.8
Shields        | |  6.8

Action                   |  1- 3 |  4- 6 || total
-------------------------+-------+-------++-------
Melee: Long sword        |   111 |    54 ||   165
       Bite              |    10 |     7 ||    17
Evoke: Wand              |       |     1 ||     1
  Use: Scroll            |     7 |     2 ||     9
       Potion            |       |     3 ||     3
  Eat: Chunk             |     1 |     1 ||     2
Armor: Scale mail        |    31 |    24 ||    55
Dodge: Dodged            |    29 |    20 ||    49
Block: Medium shield     |    69 |    34 ||   103
